 Dungeon Crawl Stone Soup version 0.31-a0-819-gf6de2f5ab6 (webtiles) character file.

Game seed: 5760700354550372843

124 qw the Shooter (level 5, -1/32 HPs)
             Began as a Gargoyle Hunter on Sept 23, 2023.
             Slain by a hobgoblin (4 damage)
             ... led by Robin
             ... on level 3 of the Dungeon.
             The game lasted 00:00:54 (1662 turns).

qw the Shooter (Gargoyle Hunter)                    Turns: 1662, Time: 00:00:55

Health: -1/32      AC: 13    Str: 15    XL:     5   Next: 8%
Magic:  5/5        EV: 11    Int:  9    God:
Gold:   233        SH:  0    Dex: 15    Spells: 4/4 levels left

rFire   . . .        Y - +0 shortbow
rCold   . . .        (shield currently unavailable)
rNeg    + . .        e - +0 ring mail
rPois   inf          (no helmet)
rElec   +            (no cloak)
rCorr   .            (no gloves)
SInv    .            (no boots)
Will    .....        (no amulet)
Stlth   +            f - +4 ring of protection
HPRegen 0.25/turn    (no ring)
MPRegen 0.09/turn

%: no passive effects
@: no status effects
A: sickness immunity, AC +4, negative energy resistance 1, electricity
resistance, torment resistance 1, petrification resistance
a: no special abilities


You were on level 3 of the Dungeon.
You visited 1 branch of the dungeon, and saw 3 of its levels.

You collected 233 gold pieces.


Innate Abilities, Weirdness & Mutations

You are immune to sickness and miasma.
Your stone body is resilient. (AC +4)
You are immune to poison.
You resist negative energy. (rN+)
You are resistant to electric shocks. (rElec)
You are resistant to unholy torment.
You are immune to petrification.


   Skills:
 - Level 3.0 Fighting
 + Level 5.7 Ranged Weapons
 - Level 1.3 Armour
 - Level 1.5 Dodging
 - Level 1.1 Stealth


You had 4 spell levels left.
You didn't know any spells.
Your spell library was empty.

Inventory:

Hand Weapons
 Y - a +0 shortbow (weapon)
Armour
 e - a +0 ring mail (worn)
Jewellery
 f - a +4 ring of protection (left hand)
Scrolls
 a - a scroll of identify
Potions
 g - a potion of heal wounds {unknown}
 h - a potion of brilliance {unknown}

Dungeon Overview and Level Annotations

Branches:
Dungeon (3/15)

Altars:
Gozag


Message History

The goblin completely misses you. The goblin barely misses you.
Robin hits you with a +2 dagger of venom.
You shoot an arrow. The arrow hits Robin.
You kill Robin!
The goblin barely misses you. The hobgoblin barely misses you.
The goblin closely misses you.
You have reached level 5!
You shoot an arrow. The arrow hits the goblin.
The goblin is severely wounded.
The goblin closely misses you. The hobgoblin hits you.
The goblin hits you but does no damage. The goblin barely misses you.
The goblin hits you but does no damage.
You shoot an arrow. The arrow barely misses the goblin.
The goblin no longer looks unusually strong. x3
The goblin hits you but does no damage.
The hobgoblin hits you but does no damage.
The goblin closely misses you. The hobgoblin misses you.
You shoot an arrow. The arrow closely misses the goblin.
The goblin no longer looks unusually strong.
The goblin hits you with a +0 dagger. The hobgoblin barely misses you.
The goblin completely misses you. The hobgoblin barely misses you.
You shoot an arrow. The arrow barely misses the goblin.
The hobgoblin no longer looks unusually strong.
The goblin no longer looks unusually strong.
The hobgoblin no longer looks unusually strong.
The goblin closely misses you. The hobgoblin barely misses you.
The hobgoblin misses you. The goblin barely misses you.
You shoot an arrow. The arrow hits the goblin.
You kill the goblin!
The hobgoblin barely misses you. x2; The goblin misses you.
You shoot an arrow. The arrow barely misses the goblin.
The hobgoblin misses you.
The hobgoblin hits you but does no damage.
The goblin barely misses you. The goblin hits you but does no damage.
The hobgoblin barely misses you.
The hobgoblin hits you but does no damage.
You shoot an arrow. The arrow hits the goblin.
You kill the goblin!
The hobgoblin hits you.
You die...

#. ### [..~ #.######### #..
._.~ #.........# #.# ...~.
#........# #.# ~~~%.
#........# #.# ~~¤g
#........# #..
gg##........######..
#)g................ ........#
#g@........##.####. ........#
###).......##.# #. ........#
#........##.# .. ........#
###########.# .. .......
######## #.# .# .....
#......# ###...
.#.########......#######.....
..........'...........##.#
##...######............#.#


You could see 2 hobgoblins and 3 goblins.

Vanquished Creatures
  Robin (D:3)
  4 adders
  2 dart slugs
  2 orcs (D:3)
  7 endoplasms
  3 giant cockroaches (D:1)
  13 goblins
  6 hobgoblins
  3 jackals (D:1)
  3 quokkas
  9 ball pythons
  4 bats (D:1)
  3 frilled lizards
  4 kobolds
  5 rats
69 creatures vanquished.

Notes
Turn   | Place    | Note
-------+----------+-------------------------------------------
     0 | D:1      | qw the Gargoyle Hunter began the quest for the Orb.
     0 | D:1      | Reached XP level 1. HP: 12/12 MP: 1/1
     0 | D:1      | 0 ||| qw: Version: 0.3-a-83-gcd0e7d8
     0 | D:1      | 0 ||| qw: Game counter: 1758
     0 | D:1      | 0 ||| qw: Melee chars always use a shield: true
     0 | D:1      | 0 ||| qw: God list: Okawaru
     0 | D:1      | 0 ||| qw: Allow faded altars: false
     0 | D:1      | 0 ||| qw: Do Orc after clearing Dungeon:15 true
     0 | D:1      | 0 ||| qw: Do second Lair branch before Depths: true
     0 | D:1      | 0 ||| qw: Lair rune preference: random
     0 | D:1      | 0 ||| qw: Goals: Normal
     0 | D:1      | 0 ||| PLANNING D:1-11
    83 | D:1      | Reached XP level 2. HP: 13/17 MP: 2/2
   235 | D:1      | Reached XP level 3. HP: 21/21 MP: 3/3
   271 | D:1      | Reached skill level 5 in Ranged Weapons
   499 | D:1      | Found a faded altar of an unknown god.
   530 | D:1      | 530 ||| UPGRADING to +4 ring of protection.
   531 | D:1      | 531 ||| READING scroll labelled NEXAGO QIUPNY.
   532 | D:1      | 532 ||| READING scroll labelled ANAORGH UCEM.
   533 | D:1      | 533 ||| DROPPING scroll of butterflies.
   623 | D:2      | 623 ||| FLEEEEING.
   629 | D:2      | 629 ||| FLEEEEING.
   630 | D:2      | 630 ||| FLEEEEING.
   632 | D:2      | 632 ||| FLEEEEING.
   633 | D:2      | 633 ||| FLEEEEING.
   635 | D:2      | 635 ||| STAIRDANCE
   656 | D:1      | 656 ||| READING scroll labelled NUYGHA PUKHYI.
   678 | D:2      | Reached skill level 3 in Fighting
   744 | D:2      | Reached XP level 4. HP: 27/28 MP: 4/4
   758 | D:2      | 758 ||| FLEEEEING.
   759 | D:2      | 759 ||| FLEEEEING.
   760 | D:2      | 760 ||| FLEEEEING.
   761 | D:2      | 761 ||| FLEEEEING.
   762 | D:2      | 762 ||| FLEEEEING.
   764 | D:2      | 764 ||| FLEEEEING.
   765 | D:2      | 765 ||| FLEEEEING.
   781 | D:2      | 781 ||| FLEEEEING.
   782 | D:2      | 782 ||| FLEEEEING.
  1118 | D:2      | 1118 ||| UPGRADING to +0 ring mail.
  1128 | D:2      | 1128 ||| DROPPING +0 leather armour.
  1129 | D:2      | 1129 ||| READING 3 scrolls of identify.
  1129 | D:2      | 1129 ||| IDENTIFYING golden potion
  1130 | D:2      | 1130 ||| READING 2 scrolls of identify.
  1130 | D:2      | 1130 ||| IDENTIFYING viscous silvery potion
  1131 | D:2      | 1131 ||| DROPPING potion of berserk rage.
  1132 | D:2      | 1132 ||| DROPPING potion of lignification.
  1164 | D:3      | 1164 ||| STAIRDANCE
  1279 | D:3      | Reached skill level 1 in Armour
  1640 | D:3      | Found an opulent altar of Gozag.
  1641 | D:3      | Noticed Robin
  1651 | D:3      | HP: 7/28 [goblin/+0 dagger[Robin] (3)]
  1654 | D:3      | HP: 2/28 [Robin/+2 dagger of venom (2)]
  1655 | D:3      | Killed Robin
  1656 | D:3      | Reached XP level 5. HP: 3/32 MP: 5/5
  1662 | D:3      | Slain by a hobgoblin

Levels and vault maps discovered:
D:1:      scummos_arrival_simple_crosswalls, layout_rooms,
          basic_ecumenical_altar, hangedman_decor_growths, serial_park_tiny_2,
          chequers_serial_rivers_marsh, st_stairs_1
D:2:      layout_rooms, minmay_pentomino_pile
D:3:      layout_basic, mainiacjoe_overflow_paths, serial_curves,
          eino_curves_04, eino_curves_04, uniq_robin

Skill      XL: |  1  2  3  4 |
---------------+-------------+-----
Ranged Weapons | 5 |  5.7
Fighting       | 3 |  3.0
Armour         | 1 |  1.3
Dodging        | |  1.5
Stealth        | |  1.1

Action                     |  1- 3 |  4- 6 || total
---------------------------+-------+-------++-------
   Fire: Shortbow          |    97 |   125 ||   222
    Use: Scroll            |     3 |     2 ||     5
 Armour: Leather armour    |    17 |     7 ||    24
         Ring mail         |       |    54 ||    54
  Dodge: Dodged            |    17 |    65 ||    82

Table legend:
 A = Non-vault XP
 B = Vault XP
 C = Vault XP percentage of total XP
 D = Non-vault monster count
 E = Vault monster count
 F = Vault count percentage of total count
                 A         B        C        D         E       F
            +---------+---------+-------+---------+---------+-------
      Total |     139 |      41 |  22.8 |      54 |      15 |  21.7
            +---------+---------+-------+---------+---------+-------
        D:1 |      49 |       2 |   3.9 |      29 |       2 |   6.5
        D:2 |      51 |      14 |  21.5 |      17 |       7 |  29.2
        D:3 |      39 |      25 |  39.1 |       8 |       6 |  42.9
            +---------+---------+-------+---------+---------+-------
